 Dungeon Crawl Stone Soup version 0.31-a0-981-geadf994542 (webtiles) character file.

Game seed: 10747280706786846217

280 sokol815 the Poker (level 6, -1/42 HPs)
             Began as an Octopode Fighter on Nov 2, 2023.
             Slain by Grinder (6 damage)
             ... on level 3 of the Dungeon.
             The game lasted 00:04:55 (2003 turns).

sokol815 the Poker (Octopode Fighter)               Turns: 2003, Time: 00:04:55

Health: -1/42      AC:  1    Str: 17    XL:     6   Next: 27%
Magic:  6/6        EV: 13    Int: 10    God:
Gold:   107        SH:  5    Dex: 12    Spells: 5/5 levels left

rFire   . . .        a - +6 short sword (elec)
rCold   + . .        b - +1 buckler
rNeg    . . .        (helmet restricted)
rPois   +            (no amulet)
rElec   .            P - ring of poison resistance {rPois, !d}
rCorr   .            C - ring of protection from cold {rC+, !d}
SInv    .            (no ring)
Will    .....        (no ring)
Stlth   ++           (no ring)
HPRegen 0.27/turn    (no ring)
MPRegen 0.10/turn    (no ring)
                     (no ring)

%: no passive effects
@: no status effects
A: almost no armour, amphibious, 8 rings, camouflage 1, gelatinous body 1,
(nimble swimmer 1), tentacles
a: no special abilities


You were on level 3 of the Dungeon.
You visited 1 branch of the dungeon, and saw 3 of its levels.

You collected 107 gold pieces.

Inventory:

Hand Weapons
 a - a +6 short sword of electrocution (weapon)
   (You took it off Terence on level 2 of the Dungeon)
 e - a +0 dagger of protection
   (You took it off a goblin on level 1 of the Dungeon)
 l - a +0 trident
 q - a +1 dagger of holy wrath
   (You took it off a goblin on level 2 of the Dungeon)
Missiles
 g - 2 poisoned darts
 h - 3 javelins
 s - 28 stones
Armour
 b - a +1 buckler (worn)
 d - an orb of wrath
   (You found it on level 3 of the Dungeon)
Jewellery
 C - a ring of protection from cold (right tentacle) {rC+, !d}
   (You found it on level 3 of the Dungeon)
 P - a ring of poison resistance (left tentacle) {rPois, !d}
   (You found it on level 1 of the Dungeon)
Scrolls
 f - a scroll of enchant armour
 E - 3 scrolls of fear
Potions
 c - a potion of ambrosia {unknown}
 i - a potion of haste {unknown}
 j - a potion of resistance {unknown}
 k - 3 potions of berserk rage {unknown}
 m - a potion of mutation {unknown}
 n - 2 potions of curing {unknown}
 t - a potion of cancellation {unknown}


   Skills:
 - Level 3.0 Fighting
 * Level 0.2 Short Blades
 - Level 6.4 Polearms
 - Level 3.0 Dodging
 - Level 3.0 Shields


You had 5 spell levels left.
You didn't know any spells.
Your spell library was empty.

Dungeon Overview and Level Annotations

Branches:
Dungeon (3/15) Zot: 15984

Altars:

Shops:
D:1 =   D:2 *?*[

Annotations:
D:2 1 runed translucent door, Crazy Yiuf
D:3 Grinder


Innate Abilities, Weirdness & Mutations

You cannot wear most types of armour.
You are amphibious.
You can wear up to eight rings at the same time.
Your skin changes colour to match your surroundings (Stealth+).
Your rubbery body absorbs attacks. (AC +1, EV +1)
((You are camouflaged when in or above water. (Stealth+)))
You have tentacles for arms and can constrict up to eight enemies at once.


Message History

Your +0 buckler glows green for a moment.
As you read the scroll labelled USYSMO RYIPRANYIPH, it crumbles to dust.
It is a scroll of enchant weapon.
Your +4 short sword of electrocution glows red for a moment.
As you read the scroll of enchant weapon, it crumbles to dust.
Your +5 short sword of electrocution glows red for a moment.
No previous command to re-do.
Okay, then.
Unknown command.
You hear the crackle of electricity.
l - a +6 short sword of electrocution (weapon)
Adjust to which letter? (? for menu, Esc to quit)
a - a +6 short sword of electrocution (weapon)
l - a +0 trident Setting a skill training target for Short Blades at 10.0.
The ball python hisses angrily.
You hit the ball python.
You kill the ball python!
No target in view!
No target in view!
You see here a ball python corpse.
s - 28 stones (gained 6)
Found a stone staircase leading down.
d - an orb of wrath
C - a ring of protection from cold {rC+, !d}
C - a ring of protection from cold (right tentacle) {rC+, !d} A hobgoblin comes into view.
You hit the hobgoblin.
Lightning courses through the hobgoblin!!
You kill the hobgoblin!
No target in view!
No target in view!
A goblin comes into view. It is wielding a +0 dagger.
The goblin shouts!
You closely miss the goblin. Your grab misses the goblin.
Your squeeze misses the goblin. You block the goblin's attack.
You barely miss the goblin. You grab the goblin. You constrict the goblin.
The goblin hits you with a +0 dagger.
You take 3 damage, and have 39/42 hp.
You hit the goblin. Lightning courses through the goblin!
You kill the goblin!
No target in view!
g - 2 poisoned darts Health restored: 42
u - a scroll labelled SAYMNUMN IRGHE
As you read the scroll labelled UNOERUKKEA, it crumbles to dust.
It is a scroll of amnesia.
You feel forgetful for a moment.
The air fills with toxic fumes!
As you read the scroll labelled SAYMNUMN IRGHE, it crumbles to dust.
It was a scroll of poison.
You start waiting.
Done waiting.
As you read the scroll labelled RAWKUPEAGO, it crumbles to dust.
You feel strangely unstable.
It was a scroll of teleportation.
As you read the scroll labelled ZUOKLEDDUV, it crumbles to dust.
The air around you briefly surges with heat, but it dissipates.
It was a scroll of immolation.
Unknown command.
Your surroundings suddenly seem different.
You open the door.
There is an open door here.
k - 3 bubbling emerald potions (gained 1)
You see here a +0 robe.
A bat comes into view.
Grinder comes into view.
The helpless bat fails to defend itself.
You puncture the bat!
You kill the bat!
Grinder shouts!
Grinder gestures at you. Pain shoots through your body!
You take 12 damage, and have 30/42 hp.
MASSIVE DAMAGE!!
Grinder says, "I used to sell toenails on the black market."
Grinder barely misses you.
You closely miss Grinder. Your grab misses Grinder.
Grinder says, "DUCK!"
Grinder gestures at you. Pain shoots through your body!
You take 12 damage, and have 19/42 hp.
MASSIVE DAMAGE!!
You closely miss Grinder. You grab Grinder.
You squeeze Grinder, but do no damage. You constrict Grinder.
Grinder barely misses you.
You puncture Grinder! You constrict Grinder. Grinder hits you.
You take 5 damage, and have 14/42 hp.
You hit Grinder. Lightning courses through Grinder! You constrict Grinder.
Grinder gestures at you. You resist with significant effort.
You hit Grinder. You constrict Grinder. Grinder hits you!
* * * LOW HITPOINT WARNING * * *
You writhe in agony.
* * * LOW HITPOINT WARNING * * *
You take 10 damage, and have 4/42 hp.
MASSIVE DAMAGE!!
You barely miss Grinder. You constrict Grinder. Grinder hits you.
You die...
Grinder says, "Now the real fun starts!"

#....# ...### ##..#######
######### ..........# #.......#
..........# #.......# ..........#
#.......# ..........# #.......#
..........# #...5...# ###
..........# #...@...#######...#..
..........###.......##........#..
...........##.......##........#..
............+......†##........#..
..........###.......##.......++..
+########## #.......##.......##..
#.......##.......##..
######...####<...##..
###.........##..


You could see Grinder.

Vanquished Creatures
  Sigmund (D:2)
  Terence (D:2)
  Robin (D:3)
  A gnoll (D:1)
  2 adders (D:3)
  7 bats
  5 endoplasms
  3 giant cockroaches
  15 goblins
  7 hobgoblins
  7 kobolds
  2 quokkas (D:1)
  6 ball pythons
  A frilled lizard (D:1)
  2 rats
61 creatures vanquished.

Notes
Turn   | Place    | Note
-------+----------+-------------------------------------------
     0 | D:1      | sokol815 the Octopode Fighter began the quest for the Orb.
     0 | D:1      | Reached XP level 1. HP: 16/16 MP: 1/1
    75 | D:1      | Reached skill level 3 in Polearms
    75 | D:1      | Reached XP level 2. HP: 21/21 MP: 2/2
   330 | D:1      | Reached XP level 3. HP: 25/26 MP: 3/3
   423 | D:1      | Found Caotiast's Jewellery Boutique.
   753 | D:1      | Found a faded altar of an unknown god.
   818 | D:2      | Found Mucepn's Antique Armour Shop.
   862 | D:2      | Found Muedducw's General Store.
   867 | D:2      | Noticed Sigmund
   874 | D:2      | Killed Sigmund
   875 | D:2      | Reached skill level 5 in Polearms
   875 | D:2      | Reached XP level 4. HP: 23/31 MP: 4/4
   875 | D:2      | Reached XP level 5. HP: 27/36 MP: 5/5
   974 | D:2      | Noticed Terence
   985 | D:2      | Killed Terence
   986 | D:2      | Reached skill level 6 in Polearms
   986 | D:2      | Reached XP level 6. HP: 29/42 MP: 6/6
  1167 | D:2      | Found Sanaam's Assorted Antiques.
  1194 | D:2      | Found Xetrieda's Magic Scroll Shoppe.
  1209 | D:2      | Found a runed translucent door.
  1210 | D:2      | Noticed Crazy Yiuf
  1596 | D:3      | Noticed Robin
  1601 | D:3      | Killed Robin
  1992 | D:3      | Noticed Grinder
  2002 | D:3      | HP: 5/42 [Grinder (9)]
  2003 | D:3      | Slain by Grinder

Illustrated notes

Levels and vault maps discovered:
D:1:      heliophobic_arrival_enchanted_forest, layout_basic,
          chequers_ecumenical_altar_grove, serial_shops, shop, hex_medium
D:2:      layout_rooms, serial_shops, nicolae_shop_trees, shop,
          nicolae_shop_behind_doors, nicolae_shop_tiny_waterfront,
          uniq_crazy_yiuf_cottage, uniq_terence, uniq_sigmund
D:3:      layout_basic, uniq_grinder, uniq_robin

Skill      XL: |  1  2  3  4  5 |
---------------+----------------+-----
Polearms       | 3 5 6 |  6.4
Fighting       | |  3.0
Short Blades   | |  0.2
Dodging        | |  3.0
Shields        | |  3.0

Action                     |  1- 3 |  4- 6 || total
---------------------------+-------+-------++-------
  Melee: Trident           |    69 |    43 ||   112
         Constrict         |    15 |    10 ||    25
         Tentacles         |     9 |     4 ||    13
         Punch             |       |     1 ||     1
         Short sword       |       |    12 ||    12
    Use: Potion            |     1 |       ||     1
         Scroll            |       |     8 ||     8
   Stab: Sleeping          |     9 |     6 ||    15
 Armour: Skin              |     8 |    12 ||    20
  Dodge: Dodged            |    24 |    14 ||    38
  Block: Buckler           |     9 |     6 ||    15

Table legend: (Time is in decaauts)
 A = Elapsed time spent in this place.
 B = Non-inter-level travel time spent in this place.
 C = Inter-level travel time spent in this place.
 D = Time resting spent in this place.
 E = Time spent auto-exploring this place.
 F = Levels seen in this place.
 G = Mean time per level.
                   A        B        C        D        E       F      G
               +--------+--------+--------+--------+--------+-----+--------+
         Total |   2014 |   1970 |     44 |    100 |   1509 |   3 |  671.3 |
       Dungeon |   2014 |   1970 |     44 |    100 |   1509 |   3 |  671.3 |
               +--------+--------+--------+--------+--------+-----+--------+

Top non-repeatable levels by time:
     D:1: 793 daAuts
     D:3: 621 daAuts
     D:2: 600 daAuts

Levels and vault maps discovered:
D:1:      heliophobic_arrival_enchanted_forest, layout_basic,
          chequers_ecumenical_altar_grove, serial_shops, shop, hex_medium
D:2:      layout_rooms, serial_shops, nicolae_shop_trees, shop,
          nicolae_shop_behind_doors, nicolae_shop_tiny_waterfront,
          uniq_crazy_yiuf_cottage, uniq_terence, uniq_sigmund
D:3:      layout_basic, uniq_grinder, uniq_robin

Table legend: (Time is in decaauts)
 A = Elapsed time spent in this place.
 B = Non-inter-level travel time spent in this place.
 C = Inter-level travel time spent in this place.
 D = Time resting spent in this place.
 E = Time spent auto-exploring this place.
 F = Levels seen in this place.
 G = Mean time per level.
                   A        B        C        D        E       F      G
               +--------+--------+--------+--------+--------+-----+--------+
         Total |   2014 |   1970 |     44 |    100 |   1509 |   3 |  671.3 |
       Dungeon |   2014 |   1970 |     44 |    100 |   1509 |   3 |  671.3 |
               +--------+--------+--------+--------+--------+-----+--------+

Top non-repeatable levels by time:
     D:1: 793 daAuts
     D:3: 621 daAuts
     D:2: 600 daAuts

Table legend:
 A = Kills in this place as a percentage of kills in the entire game.
 B = Kills by you in this place as a percentage of kills by you in the entire game.
 C = Kills by friends in this place as a percentage of kills by friends in the entire game.
 D = Other kills in this place as a percentage of other kills in the entire game.
 E = Experience gained in this place as a percentage of experience gained in the entire game.
 F = Experience gained in this place divided by the number of levels of this place that you have seen.
                   A       B       C       D       E      F
               +-------+-------+-------+-------+-------+----------------------
         Total | 100.0 | 100.0 |   N/A |   N/A | 100.0 | 133.7
       Dungeon | 100.0 | 100.0 |   N/A |   N/A | 100.0 | 133.7
               +-------+-------+-------+-------+-------+----------------------
